Map: Rosanegro LE

Players

DakkoN

  • Race: Protoss Protoss
  • League: Master
  • Spawn Location: 1:00

Stynner

  • Race: Protoss Protoss
  • League: Diamond
  • Spawn Location: 7:00

I.A. 2 (Muito Difícil)

  • Race: Terran Terran

VOD

Have the link to the VOD?

Description

Time

  • Played on: Feb. 7, 2018, 6:53 p.m.
  • Length: 11:11
Show
View Real Time Build Order
Export as new Build Order

DakkoN Protoss 

Build Orders:  

Get SALT Encoding   

  12  0:01  Probe x12  
    0:13  Unknown  
  12  0:15  Probe  
  14  0:29  Probe  
  14  0:35  Pylon  
  15  0:59  Probe  
  15  1:11  Probe (Chrono Boost), Gateway  
  15  1:18  Assimilator  
  17  1:27  Probe (Chrono Boost)  
  17  1:32  Probe (Chrono Boost)  
  18  1:41  Probe (Chrono Boost), Assimilator  
  19  1:53  Probe (Chrono Boost)  
  20  2:01  Probe (Chrono Boost), Cybernetics Core  
  21  2:11  Probe  
  22  2:16  Pylon  
  22  2:23  Probe  
  23  2:37  Stargate  
  23  2:41  Warp Gate  
  23  2:42  Stalker  
  25  3:09  Pylon  
  25  3:12  Pylon, Stalker  
  27  3:17  Void Ray (Chrono Boost)  
  31  3:32  Shield Battery x2  
  31  3:35  Shield Battery  
  31  3:51  Void Ray (Chrono Boost)  
  35  4:07  Pylon  
  35  4:14  Pylon  
  35  4:27  Void Ray (Chrono Boost)  
  39  4:47  Stalker  
  41  4:53  Shield Battery  
  41  4:54  Shield Battery  
  41  4:57  Pylon  
  41  5:06  Pylon  
  41  5:17  Void Ray (Chrono Boost)  
  41  5:19  Stalker  
  47  5:26  Shield Battery  
  47  5:39  Shield Battery  
  47  5:42  Shield Battery  
  47  5:56  Zerg Melee Weapons Level 3, Protoss Ground Weapons Level 3, Zerg Ground Armor Level 3, Zerg Missile Weapons Level 3, Protoss Air Weapons Level 3, Terran Ship Armor Level 3, Terran Infantry Armor Level 3, Terran Infantry Weapons Level 3, Protoss Shields Level 3, Terran Vehicle Weapons Level 3, Protoss Air Armor Level 3, Terran Vehicle Armor Level 3, Protoss Ground Armor Level 3, Terran Ship Weapons Level 3, Zerg Flyer Armor Level 3, Zerg Flyer Weapons Level 3  
  51  6:00  Pylon  
  51  6:07  Stalker  
  53  6:17  Protoss Ground Armor Level 2, Zerg Flyer Weapons Level 2, Terran Ship Armor Level 2, Zerg Flyer Armor Level 2, Zerg Melee Weapons Level 2, Terran Ship Weapons Level 2, Terran Infantry Armor Level 2, Protoss Shields Level 2, Terran Vehicle Weapons Level 2, Protoss Ground Weapons Level 2, Terran Infantry Weapons Level 2, Zerg Missile Weapons Level 2, Protoss Air Armor Level 2, Terran Vehicle Armor Level 2, Zerg Ground Armor Level 2, Protoss Air Weapons Level 2  
  53  6:32  Stimpack, Blink  
  53  6:39  Protoss Ground Armor Level 1, Zerg Melee Weapons Level 1, Terran Infantry Weapons Level 1, Warp Gate x2, Zerg Ground Armor Level 1, Terran Infantry Armor Level 1, Protoss Shields Level 1, Zerg Flyer Weapons Level 1, Zerg Flyer Armor Level 1, Terran Ship Armor Level 1, Terran Vehicle Armor Level 1, Zerg Missile Weapons Level 1, Terran Vehicle Weapons Level 1, Protoss Air Armor Level 1, Protoss Air Weapons Level 1, Protoss Ground Weapons Level 1, Terran Ship Weapons Level 1  
  53  6:53  Extended Thermal Lance, Void Ray, Resonating Glaives, Charge, Building Armor  
  53  7:00  Adrenal Glands, Ventral Sacs  
  53  7:06  Enduring Locusts  
  53  7:07  Personal Cloaking  
  53  7:13  Psionic Storm  
  53  7:14  Glial Reconstitution, Neural Parasite, Metabolic Boost, Corvid Reactor, Durable Materials, Centrifical Hooks, Chitinous Plating, Infernal Pre-Igniter, Cloaking Field, Neosteel Frame, Tunneling Claws, Combat Shields  
  53  7:22  Muscular Augments x2, Burrow  
  53  7:36  Caduceus Reactor, Pathogen Glands, Observer Gravitic Boosters, Hi-Sec Auto Tracking, Moebius Reactor, Gravitic Drive, Behemoth Reactor, Graviton Catapult  
  53  7:50  Concussive Shells, Pneumatized Carapace, Weapon Refit  
  53  7:54  Void Ray x5  
  53  8:07  Stalker x5  
  53  8:14  Pylon  
  53  8:25  Probe x23  
  53  8:33  Unknown x5  
  53  8:35  Pylon  
  53  8:36  Unknown x9  
  53  8:37  Unknown x14  
Show
View Real Time Build Order
Export as new Build Order

Stynner Protoss 

Build Orders:  

Get SALT Encoding   

  12  0:01  SCV x12  
    0:13  Unknown  
    0:14  SCV  
  14  0:28  SCV  
  14  0:35  Supply Depot  
  15  0:58  SCV  
  15  1:11  Supply Depot  
  15  1:16  SCV  
  16  1:29  SCV  
  17  1:50  Command Center  
  17  1:55  Refinery  
  17  2:07  Barracks  
  17  2:08  SCV  
  18  2:20  SCV  
  19  2:32  SCV  
  20  2:50  SCV, Barracks  
  21  2:54  Refinery  
  21  2:56  Marine  
  22  3:02  SCV  
  23  3:12  Supply Depot  
  23  3:13  Marine, SCV  
  25  3:21  SCV  
  26  3:31  Marine  
  27  3:36  Factory, Marine  
  27  3:38  SCV  
  29  3:49  Marine, SCV  
  29  3:52  SCV  
  29  3:54  Marine  
  32  4:02  SCV  
  32  4:07  Marine  
  29  4:12  Marine  
  22  4:25  Marine  
  22  4:26  SCV  
  2  5:56  Zerg Melee Weapons Level 3, Protoss Ground Weapons Level 3, Zerg Ground Armor Level 3, Zerg Missile Weapons Level 3, Protoss Air Weapons Level 3, Terran Ship Armor Level 3, Terran Infantry Armor Level 3, Terran Infantry Weapons Level 3, Protoss Shields Level 3, Terran Vehicle Weapons Level 3, Protoss Air Armor Level 3, Terran Vehicle Armor Level 3, Protoss Ground Armor Level 3, Terran Ship Weapons Level 3, Zerg Flyer Armor Level 3, Zerg Flyer Weapons Level 3  
  2  6:17  Protoss Ground Armor Level 2, Zerg Flyer Weapons Level 2, Terran Ship Armor Level 2, Zerg Flyer Armor Level 2, Zerg Melee Weapons Level 2, Terran Ship Weapons Level 2, Terran Infantry Armor Level 2, Protoss Shields Level 2, Terran Vehicle Weapons Level 2, Protoss Ground Weapons Level 2, Terran Infantry Weapons Level 2, Zerg Missile Weapons Level 2, Protoss Air Armor Level 2, Terran Vehicle Armor Level 2, Zerg Ground Armor Level 2, Protoss Air Weapons Level 2  
  2  6:32  Stimpack, Blink  
  2  6:39  Protoss Ground Armor Level 1, Zerg Melee Weapons Level 1, Terran Infantry Weapons Level 1, Warp Gate, Zerg Ground Armor Level 1, Terran Infantry Armor Level 1, Protoss Shields Level 1, Zerg Flyer Weapons Level 1, Zerg Flyer Armor Level 1, Terran Ship Armor Level 1, Terran Vehicle Armor Level 1, Zerg Missile Weapons Level 1, Terran Vehicle Weapons Level 1, Protoss Air Armor Level 1, Protoss Air Weapons Level 1, Protoss Ground Weapons Level 1, Terran Ship Weapons Level 1  
  2  6:53  Extended Thermal Lance, Resonating Glaives, Charge, Building Armor  
  2  7:00  Adrenal Glands, Ventral Sacs  
  2  7:06  Enduring Locusts  
  2  7:07  Personal Cloaking  
  2  7:13  Psionic Storm  
  2  7:14  Glial Reconstitution, Neural Parasite, Metabolic Boost, Corvid Reactor, Durable Materials, Centrifical Hooks, Chitinous Plating, Infernal Pre-Igniter, Cloaking Field, Neosteel Frame, Tunneling Claws, Combat Shields  
  2  7:22  Muscular Augments x2, Burrow  
  2  7:36  Caduceus Reactor, Pathogen Glands, Observer Gravitic Boosters, Hi-Sec Auto Tracking, Moebius Reactor, Gravitic Drive, Behemoth Reactor, Graviton Catapult  
  2  7:50  Concussive Shells, Pneumatized Carapace, Weapon Refit  
  2  8:25  SCV x2  
  2  8:33  Unknown x5  
Show
View Real Time Build Order
Export as new Build Order

I.A. 2 (Muito Difícil) Terran 

Build Orders:  

Get SALT Encoding   

Tags
 
Add a new tag
Caveats
  • Supply blocks, unpowered buildings, or Contaminate may cause inaccurate times.
  • Supply counts are checked every 10 seconds.